 Dungeon Crawl Stone Soup version 0.31-a0-1612-g4aaf141004 (webtiles) character file.

Game seed: 1075526308549127797

1854 ytrimaz the Thaumaturge (level 8, 0/62 HPs)
             Began as a Mummy Necromancer on Jan 10, 2024.
             Was a Follower of Kikubaaqudgha.
             Slain by a killer bee (8 damage)
             ... on level 7 of the Dungeon.
             The game lasted 00:10:47 (5623 turns).

ytrimaz the Thaumaturge (Mummy Necromancer)         Turns: 5623, Time: 00:10:47

Health: 0/62       AC:  5    Str: 11    XL:     8   Next: 89%
Magic:  1/21       EV: 12    Int: 17    God:    Kikubaaqudgha [*.....]
Gold:   230        SH:  0    Dex: 12    Spells: 9/25 levels left

rFire   . . .        (no weapon)
rCold   . . .        (no shield)
rNeg    + + +        a - +0 robe
rPois   ∞            (no helmet)
rElec   .            l - +0 cloak
rCorr   .            (no gloves)
SInv    +            m - +1 pair of boots
Will    +....        (no amulet)
Stlth   ++           o - ring of fire
HPRegen 0.30/turn    n - ring of see invisible
MPRegen 0.17/turn

%: faith
@: animating dead
A: cold resistance 1, negative energy resistance 3, torment resistance 2, heat
vulnerability 1, in touch with death 1, no potions, faith
a: Renounce Religion, Unearth Wretches


You were on level 7 of the Dungeon.
You worshipped Kikubaaqudgha.
Kikubaaqudgha was aware of your devotion.
You visited 2 branches of the dungeon, and saw 8 of its levels.

You collected 230 gold pieces.


Innate Abilities, Weirdness & Mutations

You are immune to poison.
Your flesh is cold resistant. (rC+)
You are immune to negative energy. (rN+++)
You are immune to unholy pain and torment.
You are vulnerable to heat. (rF-)
You are in touch with the powers of death.
You do not drink.
You have a special connection with the divine. (Faith)


   Skills:
 + Level 5.0 Fighting
 - Level 1.5 Dodging
 - Level 1.5 Stealth
 + Level 9.1 Spellcasting
 + Level 8.3 Necromancy


You had 9 spell levels left.
You knew the following spells:

 Your Spells              Type           Power      Damage    Failure   Level
a - Necrotise             Necr           100%       1d9       1%          1
b - Vampiric Draining     Necr           53%        2d9       1%          3
c - Animate Dead          Necr           53%        N/A       3%          4
d - Curse of Agony        Necr           53%        N/A       9%          5
e - Fugue of the Fallen   Necr           53%        N/A       1%          3

Your spell library contained the following spells:

 Spells                   Type           Power      Damage    Failure   Level
 Kiss of Death            Conj/Necr      100%       2d13      1%          1
 Magic Dart               Conj           28%        1d4       10%         1
 Blink                    Tloc           14%        N/A       14%         2
 Call Imp                 Summ           14%        N/A       14%         2

Inventory:

Missiles
 b - a throwing net
Armour
 a - a +0 robe (worn)
 l - a +0 cloak (worn)
   (You found it on level 7 of the Dungeon)
 m - a +1 pair of boots (worn)
   (You found it on level 3 of the Dungeon)
 v - the +1 ring mail of Compression {Rampage rC+ Int+4}
   (You found it on level 8 of the Dungeon)

   Int+4:     It affects your intelligence (+4).
   rC+:       It protects you from cold.
   Rampage:   It bestows one free step when moving towards enemies.
Jewellery
 c - a +6 ring of dexterity
   (You found it on level 1 of the Dungeon)
 d - a ring of resist corrosion
   (You found it on level 1 of the Dungeon)
 f - a +4 ring of protection
   (You found it on level 7 of the Dungeon)
 i - a ring of magical power
   (You found it on level 5 of the Dungeon)
 j - a +6 ring of strength
   (You found it on level 8 of the Dungeon)
 k - a ring of ice
   (You found it on level 1 of the Dungeon)
 n - a ring of see invisible (right hand)
   (You found it on level 3 of the Dungeon)
 o - a ring of fire (left hand)
   (You found it on level 3 of the Dungeon)
 p - a +4 ring of protection
   (You found it on level 3 of the Dungeon)
 r - a ring of fire
   (You found it on level 7 of the Dungeon)
Scrolls
 e - a scroll of identify
 g - a scroll of revelation
 h - 2 scrolls of enchant weapon
 q - a scroll of silence {unknown}
 t - a scroll of fear {unknown}
 u - a scroll of fog

Dungeon Overview and Level Annotations

Branches:
Dungeon (8/15) Zot: 25777  Temple (1/1) D:4 Zot: 5986
   Lair: D:8-11

Altars:
Cheibriados
Dithmenos
Gozag
Kikubaaqudgha
Makhleb
Okawaru
Qazlal
Ru
Sif Muna
Trog
Uskayaw
Vehumet
Wu Jian
Xom
Yredelemnul

Shops:
D:1 [

Annotations:
D:5 3 runed translucent doors, soberseth's ghost, novice MiFi
D:8 1 transporter

##.#................#
#.#.####.#####.#####
##..............#..
#....####.#######.#
#.#### #.# .# #.# #.#
##.# #Z# #.# #.. #.#
#.# ###.# #.# #.#
#gy@# ..# #..g..#>##
### ####


#ggg# ###.# .. ### You could see a gnoll bouda, a killer bee and 3 gnolls.


Message History

😮 HP[-6] MP[-3]
You take 6 damage, and now have 32/62 hp.
You lost 3 mp, and now have 0/21 mp.
The killer bee barely misses you. The howler monkey hits you.
* * * LOW HITPOINT WARNING * * *
Your orc zombie closely misses the howler monkey.
Your killer bee zombie closely misses the howler monkey.
The killer bee closely misses you. The killer bee completely misses you.
The orc warrior misses you.
The killer bee misses your killer bee zombie.
Your orc zombie misses the killer bee. 😨 HP[-4]
You take 4 damage, and now have 28/62 hp.
Your killer bee zombie hits the howler monkey.
The killer bee misses your killer bee zombie.
The howler monkey hits your orc zombie.
Your killer bee zombie closely misses the killer bee.
Your orc zombie closely misses the howler monkey.
Your killer bee zombie closely misses the howler monkey.
The howler monkey barely misses your orc zombie.
The killer bee stings your killer bee zombie.
Casting: Vampiric Draining (safe; 1% risk of failure)
Confirm with . or Enter, or press ? or * to list all spells.
You don't know that spell.
Your killer bee zombie hits the killer bee.
The killer bee attacks as it pursues you!
The killer bee stings you but does no damage.
Your orc zombie hits the howler monkey.
Your orc zombie barely misses the howler monkey.
The howler monkey hits your killer bee zombie!
The killer bee stings you.
* * * LOW HITPOINT WARNING * * *
Something hits your killer bee zombie! 😨 HP[-4] MP[+1]
You take 4 damage, and now have 24/62 hp.
Your killer bee zombie hits the killer bee.
Something hits your killer bee zombie!
Your killer bee zombie is destroyed!
The killer bee stings you but does no damage.
Unknown command.
Unknown command.
You hit the killer bee but do no damage.
The killer bee stings you but does no damage. x2
The orc warrior hits your orc zombie with a +0 glaive.
Your orc zombie is destroyed!
You hit the killer bee. The killer bee barely misses you.
The killer bee stings you.
* * * LOW HITPOINT WARNING * * *
Unknown command.
Unknown command.
Unknown command.
Unknown command.
Aiming: Necrotise (safe; 1% risk of failure)
Press: ? - help, Q - select action, (/) - cycle Shift-Dir - straight line, f - killer bee
Aim: a killer bee (lightly wounded, ally target, chance to affect: 88%)
You feel a surge of power!
The killer bee writhes in agony.
Your killer bee zombie hits the killer bee.
The killer bee stings you.
* * * LOW HITPOINT WARNING * * *
The killer bee barely misses you.
Your killer bee zombie closely misses the killer bee.
Something completely misses your orc zombie. 😨 HP[-4] MP[-1]
You take 4 damage, and now have 20/62 hp.
You lost 1 mp, and now have 0/21 mp.
Unknown command.
Unknown command.
Your killer bee zombie completely misses the killer bee.
Your orc zombie closely misses the killer bee.
Something hits your orc zombie! The killer bee stings you.
* * * LOW HITPOINT WARNING * * *
😱 HP[-5]
You take 5 damage, and now have 15/62 hp.
Your killer bee zombie hits the killer bee.
Your orc zombie misses the killer bee.
Something hits your orc zombie!
Your orc zombie is destroyed!
The killer bee closely misses you. 😨 HP[+1] MP[+1]
Your killer bee zombie barely misses the killer bee.
The killer bee stings you but does no damage.
There is a stone staircase leading up here.
The killer bee misses you. The killer bee closely misses you.
You climb upwards.
The gnoll shouts! x2; The gnoll bouda shouts!
You hear a shout!
The gnoll bouda barely misses you.
A gnoll comes into view. It is wielding a +0 spear.
The gnoll hits you with a +1 spear of venom!
* * * LOW HITPOINT WARNING * * *
The gnoll hits you with a +0 spear.
* * * LOW HITPOINT WARNING * * *
The gnoll shouts!
There is a stone staircase leading down here. 😱 HP[-9]
You take 9 damage, and now have 7/62 hp.
Unknown command.
A gnoll comes into view. It is wielding a +0 flail.
The gnoll shouts!
The killer bee stings you!
You die...
Kikubaaqudgha rasps: "You have failed me!
Welcome... oblivion!"

Skill      XL: |  1  2  3  4  5  6  7  8 |
---------------+-------------------------+-----
Spellcasting   | 3 4 5 6 7 9 |  9.1
Necromancy     | 5 6 7 8 |  8.3
Fighting       | 3 5 |  5.0
Dodging        | |  1.5
Stealth        | |  1.5

Action                     |  1- 3 |  4- 6 |  7- 9 || total
---------------------------+-------+-------+-------++-------
  Melee: Unarmed           |    13 |    29 |   134 ||   176
         Punch             |       |       |     3 ||     3
   Cast: Necrotise         |    58 |    57 |    27 ||   142
         Vampiric Draining |     1 |     9 |    47 ||    57
         Animate Dead      |       |     2 |     5 ||     7
 Invoke: Unearth Wretches  |       |       |     1 ||     1
  Evoke: Wand              |       |       |    18 ||    18
    Use: Scroll            |       |     3 |     8 ||    11
 Armour: Robe              |    16 |    36 |   167 ||   219
  Dodge: Dodged            |    23 |    21 |   178 ||   222

Levels and vault maps discovered:
D:1:      ebering_trefoil_3fold, layout_basic, serial_shops, shop
D:2:      layout_basic
D:3:      layout_basic, mainiacjoe_overflow_six_doors_small,
          amethyst_overflow_temple_binary, shapermc_ecumenical_altar_venn,
          kennysheep_generic_room_16
D:4:      layout_cave_pools, nicolae_dithmenos_the_darkroom,
          mainiacjoe_overflow_24_doors, minmay_temple_entry_sparse_star
D:5:      layout_loops_ring, nicolae_yredelemnul_ghost_church, uniq_eustachio,
          uniq_menkaure
D:7:      layout_loops_ring, fedhas_altar_fruit_tree
D:8:      layout_loops_cross, cheibrodos_ashenzari_chains,
          nemelex_xobeh_ov_fountains_minmay, nzn_ghost_randoct, uniq_psyche
Temple:   hellmonk_temple_two_chambers

Notes
Turn   | Place    | Note
-------+----------+-------------------------------------------
     0 | D:1      | ytrimaz the Mummy Necromancer began the quest for the Orb.
     0 | D:1      | Reached XP level 1. HP: 13/13 MP: 4/4
     0 | D:1      | magus.rc [v1.9.6]
     8 | D:1      | Found Non Burch's Armour Shop.
    36 | D:1      | Reached skill level 3 in Spellcasting
   107 | D:1      | Reached XP level 2. HP: 15/19 MP: 0/6
   777 | D:2      | Reached XP level 3. HP: 24/24 MP: 5/8
   781 | D:2      | Learned a level 3 spell: Vampiric Draining
  1164 | D:2      | Reached skill level 4 in Spellcasting
  1550 | D:3      | Reached skill level 5 in Necromancy
  1550 | D:3      | Reached XP level 4. HP: 30/30 MP: 1/10
  1625 | D:3      | Learned a level 4 spell: Animate Dead
  1831 | D:3      | Reached XP level 5. HP: 32/35 MP: 1/12
  1915 | D:3      | Reached skill level 5 in Spellcasting
  2069 | D:3      | Found a faded altar of an unknown god.
  2280 | D:3      | Found a shimmering blue altar of Sif Muna.
  2280 | D:3      | Found a sacrificial altar of Ru.
  2416 | D:3      | Found a radiant altar of Vehumet.
  2695 | D:4      | Learned a level 5 spell: Curse of Agony
  2757 | D:4      | You pick up a book of Minor Magic and begin reading...
  2757 | D:4      | You add the spells Magic Dart, Blink and Call Imp to your
                  | library.
  2767 | D:4      | Reached XP level 6. HP: 41/41 MP: 10/14
  2809 | D:4      | Reached skill level 6 in Spellcasting
  2809 | D:4      | Reached skill level 6 in Necromancy
  2922 | D:4      | Found a staircase to the Ecumenical Temple.
  2957 | Temple   | Entered the Ecumenical Temple
  2964 | Temple   | Became a worshipper of Kikubaaqudgha
  3032 | D:4      | Found a shadowy altar of Dithmenos.
  3138 | D:4      | Reached XP level 7. HP: 15/47 MP: 1/17
  3180 | D:4      | Reached skill level 1 in Fighting
  3674 | D:5      | Entered Level 5 of the Dungeon
  3721 | D:5      | Found a runed translucent gate.
  3721 | D:5      | Found a runed translucent gate.
  3721 | D:5      | Found a runed translucent gate.
  3721 | D:5      | Noticed soberseth's ghost (novice MiFi)
  3754 | D:5      | Reached skill level 7 in Spellcasting
  3798 | D:5      | HP: 10/48 [scorpion zombie (5)]
  3803 | D:5      | HP: 6/48 [scorpion zombie (5)]
  3805 | D:5      | Found a basalt altar of Yredelemnul.
  3826 | D:5      | HP: 9/48 [orc/+0 trident (6)]
  3845 | D:5      | HP: 11/48 [phantom (2)]
  3882 | D:5      | Reached skill level 2 in Fighting
  4004 | D:5      | Noticed Menkaure
  4022 | D:5      | Reached skill level 7 in Necromancy
  4047 | D:5      | Killed Menkaure
  4047 | D:5      | Reached * piety under Kikubaaqudgha
  4047 | D:5      | You add the spells Kiss of Death and Fugue of the Fallen to
                  | your library.
  4047 | D:5      | Received a gift from Kikubaaqudgha
  4083 | D:5      | Reached skill level 3 in Fighting
  4254 | D:5      | Reached XP level 8. HP: 51/58 MP: 3/19
  4379 | D:5      | You fall into a shaft and drop 3 floors!
  4415 | D:7      | Learned a level 3 spell: Fugue of the Fallen
  4517 | D:7      | Reached skill level 8 in Spellcasting
  4832 | D:7      | Reached skill level 4 in Fighting
  4947 | D:7      | Reached skill level 8 in Necromancy
  5361 | D:7      | HP: 15/61 [wight/+4 dire flail (14)]
  5382 | D:8      | Reached skill level 9 in Spellcasting
  5405 | D:8      | Identified the +1 ring mail of Compression {Rampage rC+
                  | Int+4}
  5429 | D:8      | Found a transporter.
  5609 | D:8      | Reached skill level 5 in Fighting
  5618 | D:8      | HP: 15/62 [killer bee (5)]
  5622 | D:7      | HP: 7/62 [gnoll/+0 spear[a gnoll bouda] (2)]
  5623 | D:7      | Slain by a killer bee

Vanquished Creatures
  2 water moccasins (D:7)
  An ice beast (D:5)
  A black bear (D:4)
  2 sky beasts (D:7)
  An ogre (D:4)
  A scorpion (D:4)
  4 killer bees
  2 bombardier beetles
  A centaur zombie (D:5)
  5 hounds
  2 orc priests
  2 iguanas (D:5)
  3 orc wizards
  2 gnolls (D:5)
  8 adders
  A dart slug (D:2)
  16 orcs
  7 endoplasms
  A giant cockroach (D:1)
  7 goblins
  10 hobgoblins
  2 jackals (D:2)
  5 kobolds
  6 quokkas
  5 ball pythons
  5 bats
  2 frilled lizards (D:3)
  5 rats
109 creatures vanquished.

Vanquished Creatures (collateral kills)
  Menkaure (D:5)
  2 wights (D:7)
  A killer bee (D:8)
  A jelly (D:7)
  2 iguanas (D:5)
  An orc wizard (D:8)
  2 gnolls (D:5)
  A white imp (D:8)
  A dart slug (D:3)
  4 orcs
  A rat (D:1)
17 creatures vanquished.

Vanquished Creatures (others)
  A water moccasin (D:5)
  A phantom (D:5)
  An orc priest (D:5)
  4 killer bee zombies
  An iguana zombie (D:5)
  An adder zombie (D:3)
  A dart slug (D:7)
  An orc (D:8)
  2 gnoll zombies (D:5)
  A dart slug zombie (D:7)
  A kobold (D:7)
  A kobold zombie (D:7)
  3 orc zombies (D:8)
19 creatures vanquished.

Grand Total: 145 creatures vanquished

Table legend:
 A = Non-vault XP
 B = Vault XP
 C = Vault XP percentage of total XP
 D = Non-vault monster count
 E = Vault monster count
 F = Vault count percentage of total count
                 A         B        C        D         E       F
            +---------+---------+-------+---------+---------+-------
      Total |    2416 |     233 |   8.8 |     122 |       5 |   3.9
            +---------+---------+-------+---------+---------+-------
        D:1 |      37 |       0 |   0.0 |      21 |       0 |   0.0
        D:2 |      43 |       0 |   0.0 |      18 |       0 |   0.0
        D:3 |     198 |      17 |   7.9 |      22 |       3 |  12.0
        D:4 |     585 |       0 |   0.0 |      17 |       0 |   0.0
        D:5 |     398 |     216 |  35.2 |      21 |       2 |   8.7
        D:7 |     981 |       0 |   0.0 |      16 |       0 |   0.0
        D:8 |     174 |       0 |   0.0 |       7 |       0 |   0.0
            +---------+---------+-------+---------+---------+-------

Skill      XL: |  1  2  3  4  5  6  7  8 |
---------------+-------------------------+-----
Spellcasting   | 3 4 5 6 7 9 |  9.1
Necromancy     | 5 6 7 8 |  8.3
Fighting       | 3 5 |  5.0
Dodging        | |  1.5
Stealth        | |  1.5

Action                     |  1- 3 |  4- 6 |  7- 9 || total
---------------------------+-------+-------+-------++-------
  Melee: Unarmed           |    13 |    29 |   134 ||   176
         Punch             |       |       |     3 ||     3
   Cast: Necrotise         |    58 |    57 |    27 ||   142
         Vampiric Draining |     1 |     9 |    47 ||    57
         Animate Dead      |       |     2 |     5 ||     7
 Invoke: Unearth Wretches  |       |       |     1 ||     1
  Evoke: Wand              |       |       |    18 ||    18
    Use: Scroll            |       |     3 |     8 ||    11
 Armour: Robe              |    16 |    36 |   167 ||   219
  Dodge: Dodged            |    23 |    21 |   178 ||   222

Illustrated notes

Table legend:
 A = Kills in this place as a percentage of kills in the entire game.
 B = Kills by you in this place as a percentage of kills by you in the entire game.
 C = Kills by friends in this place as a percentage of kills by friends in the entire game.
 D = Other kills in this place as a percentage of other kills in the entire game.
 E = Experience gained in this place as a percentage of experience gained in the entire game.
 F = Experience gained in this place divided by the number of levels of this place that you have seen.
                   A       B       C       D       E      F
               +-------+-------+-------+-------+-------+----------------------
         Total | 100.0 | 100.0 | 100.0 | 100.0 | 100.0 | 331.1
       Dungeon | 100.0 | 100.0 | 100.0 | 100.0 | 100.0 | 378.4
               +-------+-------+-------+-------+-------+----------------------

Table legend: (Time is in decaauts)
 A = Elapsed time spent in this place.
 B = Non-inter-level travel time spent in this place.
 C = Inter-level travel time spent in this place.
 D = Time resting spent in this place.
 E = Time spent auto-exploring this place.
 F = Levels seen in this place.
 G = Mean time per level.
                   A        B        C        D        E       F      G
               +--------+--------+--------+--------+--------+-----+--------+
         Total |   5617 |   5556 |     61 |    303 |   4096 |   8 |  702.1 |
       Dungeon |   5603 |   5547 |     56 |    303 |   4096 |   7 |  800.4 |
        Temple |     13 |      8 |      5 |      0 |      0 |   1 |   13.0 |
               +--------+--------+--------+--------+--------+-----+--------+

Top non-repeatable levels by time:
     D:3: 1265 daAuts
     D:7: 1128 daAuts
     D:4: 1011 daAuts
     D:1: 714 daAuts
     D:5: 703 daAuts
     D:2: 665 daAuts
     D:8: 114 daAuts
  Temple: 13 daAuts
